Description

This is a standard build order for ZvT (vs bio), taken straight from Oreo's guide here: https://www.youtube.com/watch?v=7-slioUj7-8

This is the basic build, he also has other videos that teach you how to react against different things that Terrans can do, when you use this build.

VOD

https://www.youtube.com/watch?v=7-slioUj7-8

Replay - 2022-02-18 - (Z)Oreo VS (T)A.I. 1 (Very Easy)

Build Order

Get SALT Encoding   

  12  0:00  Drone  
  13  0:12  Overlord  
  13  0:16  Drone  
  14  0:30  Drone x2  
  16  0:48  Hatchery  
  15  0:50  Drone x2  
  17  0:58  Drone  
  18  1:08  Extractor  
  17  1:13  Spawning Pool  
  17  1:15  Drone x2  
  18  1:27  Drone  
  21  1:59  Queen x2  
  21  2:00  Zergling x4  
  27  2:10  Overlord  
  28  2:20  Hatchery  
  31  2:39  Metabolic Boost  
  31  2:42  Overlord  
  32  2:50  Queen  
  36  3:04  Overlord  
  36  3:12  Queen  
  44  3:26  Queen  
  46  3:33  Queen  
  50  3:35  Overlord  
  50  3:39  Zergling x6  
  61  4:05  Baneling Nest  
  62  4:11  Queen  
  70  4:31  Lair, Spore Crawler x2  
  73  4:48  Extractor x2  
  80  5:12  Evolution Chamber x2, Extractor x2  
  79  5:15  Hatchery  
  82  5:28  Centrifugal Hooks  
  84  5:30  Overseer  
  84  5:39  Zerg Melee Weapons Level 1  
  84  5:41  Zergling x10  
  91  5:44  Zerg Ground Armor Level 1  
  93  5:54  Hydralisk Den  
  103  6:07  Baneling x6  
  109  6:27  Grooved Spines  
  109  6:34  Extractor  
  118  6:49  Spore Crawler  
  122  6:56  Infestation Pit  
  122  6:57  Hatchery  
  122  6:58  Baneling  
  123  7:01  Extractor x2  
  145  7:35  Hive, Lurker Den  
  146  7:43  Hydralisk x2  
  154  7:49  Hydralisk x3  
  158  7:52  Muscular Augments  
  158  7:56  Hydralisk x4  
  176  8:08  Hydralisk  
  189  8:34  Extractor x2  
  187  8:49  Lurker x9  
Spawning Tool Build Advisor. Get it on Overwolf

Analysis

Notes from his YT video:

vs 8 rax: Don't tech up, stay 75 drones, ling bane, no hydras

vs 4th cc: 80-88 drones, 8 gases, infestation pit and hydra den

@infestation pit: hive @hive lurker range, adrenal, as many lurkers as you can afford

Game plans:

  • Burrow all lurkers where terran is pushing, runby with rest of army

OR

  • go to 90-100 drones 10 gases, play hydra ling bane and trade with opponent (will discuss in future videos)

Go to:

Details

  • Created by: janpol8
  • Published on: Mar 12, 2022
  • Modified on: Mar 12, 2022
  • Patch: 4.11.0
  • Difficulty: Easy
Show
View Real Time Build Order
Export as new Build Order

Comments (0)

There are no comments. Be the first!

Create an account to comment!